[ AOE2 MATCH · #507375373 ]
UnrankedSpanish vs Bengalis
Player's team · WIN
Rival team · LOSS
[ REPLAY ANALYSIS · EXTRACTED FROM THE RECORDED GAME ]
Feudal
8:39
Castle
23:16
Imperial
—
| APM avg | 44.3 |
| APM peak | 76 |
| eAPM avg | 24.7 |
| Villagers / military | 85 / 20 |
Focus
⚔️ 34.3% · 🌾 65.7%
Missionary ×11 · Conquistador ×7 · Scout Cavalry ×2
Feudal
10:49
Castle
22:53
Imperial
—
| APM avg | 44.9 |
| APM peak | 74 |
| eAPM avg | 28.3 |
| Villagers / military | 76 / 18 |
Focus
⚔️ 40.7% · 🌾 59.3%
Monk ×15 · Armored Elephant ×2 · Mangonel ×1
Match map
Initial resources + every placement click. Lines = walls · curves = elevation contours. ◆ gold · ⬟ stone · ● berries · ✦ relic · ◌ wall gap
Your base· ✓ Closed at 23:16 · 28t walls · 3 gate(s)
DGHIR | Black Monk's base· ✓ Closed at 22:53 · 32t walls · 3 gate(s)
Smoothed initial terrain · ◌ = detected wall gap · hover for details
Inputs per minute
— JOJO ROAD ROLLER - - DGHIR | Black Monk
Build order — JOJO ROAD ROLLER
First 150 of 219 actions detected
| 0:00 | Create | Villager (Male) ×4 |
| 0:01 | Build | House |
| 0:02 | Build | House |
| 1:26 | Create | Villager (Male) |
| 1:48 | Build | Lumber Camp |
| 2:08 | Create | Villager (Male) |
| 2:20 | Create | Villager (Male) |
| 2:47 | Create | Villager (Male) |
| 3:06 | Create | Villager (Male) |
| 3:06 | Create | Villager (Male) |
| 3:27 | Create | Villager (Male) |
| 3:28 | Create | Villager (Male) |
| 3:55 | Build | House |
| 4:04 | Create | Villager (Male) |
| 4:04 | Create | Villager (Male) |
| 4:05 | Create | Villager (Male) |
| 4:22 | Build | Mining Camp |
| 4:28 | Build | Mining Camp |
| 4:47 | Create | Villager (Male) |
| 5:13 | Create | Villager (Male) |
| 5:39 | Create | Villager (Male) |
| 6:29 | Research | Feudal Age |
| 7:28 | Build | House |
| 7:30 | Build | House |
| 8:35 | Create | Villager (Male) |
| 8:38 | Research | Loom |
| 8:38 | Research | Loom |
| 8:39 | Age | Feudal Age |
| 8:40 | Build | Watch Tower |
| 8:54 | Create | Villager (Male) |
| 8:57 | Research | Double-Bit Axe |
| 9:03 | Build | Blacksmith |
| 9:35 | Create | Villager (Male) |
| 9:37 | Create | Villager (Male) |
| 9:38 | Create | Villager (Male) |
| 9:41 | Build | House |
| 10:06 | Research | Fletching |
| 10:17 | Create | Villager (Male) |
| 10:52 | Build | House |
| 10:54 | Build | Mill |
| 10:55 | Create | Villager (Male) |
| 11:22 | Build | Watch Tower |
| 11:32 | Create | Villager (Male) |
| 11:32 | Create | Villager (Male) |
| 11:46 | Build | Palisade Wall |
| 12:17 | Build | Farm |
| 12:32 | Create | Villager (Male) |
| 12:33 | Create | Villager (Male) |
| 12:35 | Build | Farm |
| 12:56 | Build | Farm |
| 12:58 | Create | Villager (Male) |
| 13:32 | Create | Villager (Male) |
| 13:35 | Build | Farm |
| 13:50 | Create | Villager (Male) |
| 14:02 | Build | Palisade Wall |
| 14:05 | Build | Palisade Wall |
| 14:48 | Build | Palisade Wall |
| 14:50 | Build | Palisade Wall |
| 14:51 | Build | Palisade Wall |
| 14:57 | Create | Villager (Male) |
| 14:59 | Create | Villager (Male) |
| 15:00 | Create | Villager (Male) |
| 15:06 | Build | Watch Tower |
| 15:09 | Build | Palisade Wall |
| 15:10 | Build | Palisade Wall |
| 15:11 | Build | Palisade Wall |
| 15:12 | Build | Palisade Wall |
| 15:14 | Build | Palisade Wall |
| 15:16 | Build | Palisade Wall |
| 15:17 | Build | Palisade Wall |
| 15:19 | Build | Palisade Wall |
| 15:21 | Build | Palisade Wall |
| 15:23 | Create | Villager (Male) |
| 15:27 | Build | Farm |
| 15:28 | Build | Farm |
| 15:36 | Create | Villager (Male) |
| 15:44 | Create | Villager (Male) |
| 15:53 | Create | Villager (Male) |
| 15:56 | Create | Villager (Male) |
| 16:02 | Build | Farm |
| 16:03 | Build | Farm |
| 16:11 | Build | House |
| 16:26 | Build | Stone Wall |
| 16:36 | Build | Watch Tower |
| 16:40 | Build | Watch Tower |
| 16:41 | Create | Villager (Male) |
| 16:51 | Build | Watch Tower |
| 16:53 | Build | Palisade Wall |
| 16:55 | Build | Palisade Wall |
| 16:57 | Create | Villager (Male) |
| 16:59 | Build | Farm |
| 17:15 | Create | Villager (Male) |
| 17:19 | Build | Farm |
| 17:21 | Build | Farm |
| 17:45 | Build | Palisade Wall |
| 17:55 | Build | Watch Tower |
| 18:14 | Build | Palisade Wall |
| 18:19 | Create | Villager (Male) |
| 18:23 | Build | Lumber Camp |
| 18:26 | Build | Farm |
| 18:35 | Build | Palisade Wall |
| 18:39 | Build | Palisade Wall |
| 18:42 | Build | Palisade Wall |
| 18:44 | Build | Palisade Wall |
| 18:50 | Create | Villager (Male) |
| 18:57 | Create | Villager (Male) |
| 19:25 | Build | Palisade Wall |
| 19:31 | Build | Market |
| 19:34 | Build | Mining Camp |
| 19:40 | Research | Town Watch |
| 19:44 | Build | House |
| 20:01 | Build | House |
| 20:04 | Build | House |
| 20:06 | Create | Villager (Male) |
| 20:36 | Research | Castle Age |
| 20:36 | Research | Castle Age |
| 20:38 | Create | Villager (Male) |
| 20:59 | Create | Villager (Male) |
| 21:03 | Build | Barracks |
| 21:08 | Build | House |
| 21:28 | Create | Villager (Male) |
| 21:39 | Create | Villager (Male) |
| 21:52 | Create | Villager (Male) |
| 21:58 | Build | Stable |
| 22:04 | Build | House |
| 22:05 | Build | Palisade Wall |
| 22:07 | Build | Palisade Wall |
| 22:12 | Build | House |
| 22:29 | Create | Villager (Male) |
| 22:41 | Create | Scout Cavalry |
| 22:50 | Create | Villager (Male) |
| 22:52 | Build | Palisade Wall |
| 22:54 | Build | Palisade Wall |
| 23:07 | Create | Scout Cavalry |
| 23:11 | Create | Villager (Male) |
| 23:16 | Age | Castle Age |
| 23:59 | Build | Castle |
| 24:02 | Build | Castle |
| 24:09 | Create | Villager (Male) |
| 24:14 | Build | Farm |
| 24:20 | Build | Monastery |
| 24:40 | Build | Palisade Wall |
| 24:41 | Build | Palisade Wall |
| 24:54 | Create | Villager (Male) |
| 24:56 | Build | Town Center |
| 24:58 | Create | Villager (Male) |
| 25:04 | Create | Missionary |
| 25:04 | Create | Missionary |
| 25:05 | Create | Missionary |
| 25:05 | Create | Missionary |
Build order — DGHIR | Black Monk
First 150 of 180 actions detected
| 0:01 | Create | Villager (Male) |
| 0:02 | Create | Villager (Male) |
| 0:02 | Create | Villager (Male) |
| 0:03 | Build | House |
| 0:04 | Build | House |
| 0:12 | Create | Villager (Male) |
| 0:12 | Create | Villager (Male) |
| 1:10 | Create | Villager (Male) |
| 1:10 | Create | Villager (Male) |
| 1:19 | Build | Lumber Camp |
| 2:02 | Create | Villager (Male) |
| 2:02 | Create | Villager (Male) |
| 2:25 | Create | Villager (Male) |
| 2:47 | Create | Villager (Male) |
| 2:47 | Create | Villager (Male) |
| 3:15 | Create | Villager (Male) |
| 3:32 | Create | Villager (Male) |
| 4:02 | Build | House |
| 4:08 | Create | Villager (Male) |
| 4:13 | Create | Villager (Male) |
| 4:26 | Build | Mill |
| 4:32 | Create | Villager (Male) |
| 5:08 | Create | Villager (Male) |
| 5:23 | Create | Villager (Male) |
| 5:23 | Create | Villager (Male) |
| 5:25 | Create | Villager (Male) |
| 5:26 | Build | House |
| 5:42 | Create | Villager (Male) |
| 6:07 | Create | Villager (Male) |
| 6:27 | Create | Villager (Male) |
| 7:06 | Build | House |
| 7:15 | Build | House |
| 7:21 | Build | House |
| 7:25 | Build | House |
| 7:28 | Create | Villager (Male) |
| 7:33 | Create | Villager (Male) |
| 7:39 | Research | Loom |
| 7:59 | Build | Mining Camp |
| 8:06 | Research | Feudal Age |
| 8:14 | Research | Loom |
| 8:15 | Research | Feudal Age |
| 8:52 | Build | Palisade Wall |
| 9:03 | Build | House |
| 9:05 | Build | Palisade Wall |
| 9:05 | Build | Palisade Wall |
| 9:21 | Build | Palisade Wall |
| 9:24 | Build | Palisade Wall |
| 9:25 | Build | Palisade Wall |
| 9:26 | Build | Palisade Wall |
| 9:29 | Build | Palisade Wall |
| 9:31 | Create | Villager (Male) |
| 9:43 | Build | Palisade Wall |
| 9:59 | Build | Palisade Wall |
| 10:12 | Build | Palisade Wall |
| 10:46 | Create | Villager (Male) |
| 10:49 | Age | Feudal Age |
| 10:52 | Build | Market |
| 10:59 | Build | Blacksmith |
| 11:08 | Create | Villager (Male) |
| 11:14 | Build | Outpost |
| 11:24 | Build | Watch Tower |
| 11:44 | Build | Palisade Wall |
| 11:46 | Build | Palisade Wall |
| 12:26 | Build | House |
| 12:28 | Create | Villager (Male) |
| 13:01 | Build | Gate |
| 13:08 | Build | Farm |
| 13:09 | Build | Farm |
| 13:11 | Build | Farm |
| 14:59 | Create | Villager (Male) |
| 15:20 | Create | Villager (Male) |
| 16:01 | Build | Mill |
| 16:02 | Build | Farm |
| 16:02 | Build | Farm |
| 16:02 | Build | Farm |
| 16:02 | Build | Farm |
| 16:03 | Create | Villager (Male) |
| 16:03 | Create | Villager (Male) |
| 16:26 | Create | Villager (Male) |
| 16:27 | Build | Farm |
| 16:28 | Build | Farm |
| 16:28 | Build | Farm |
| 16:28 | Build | Farm |
| 16:34 | Create | Villager (Male) |
| 16:46 | Build | Mining Camp |
| 17:14 | Create | Villager (Male) |
| 17:32 | Create | Villager (Male) |
| 17:35 | Create | Villager (Male) |
| 17:39 | Build | Palisade Wall |
| 18:11 | Create | Villager (Male) |
| 18:25 | Create | Villager (Male) |
| 18:25 | Create | Villager (Male) |
| 18:27 | Create | Villager (Male) |
| 18:28 | Create | Villager (Male) |
| 19:01 | Create | Villager (Male) |
| 19:23 | Create | Villager (Male) |
| 19:25 | Create | Villager (Male) |
| 19:27 | Create | Villager (Male) |
| 19:35 | Build | House |
| 19:41 | Build | House |
| 19:41 | Create | Villager (Male) |
| 20:04 | Build | Farm |
| 20:11 | Research | Castle Age |
| 20:34 | Build | Farm |
| 20:40 | Create | Villager (Male) |
| 20:44 | Build | Palisade Gate |
| 21:01 | Create | Villager (Male) |
| 21:06 | Build | House |
| 21:38 | Create | Villager (Male) |
| 21:56 | Create | Villager (Male) |
| 22:24 | Create | Villager (Male) |
| 22:42 | Build | House |
| 22:48 | Build | House |
| 22:50 | Build | Palisade Wall |
| 22:53 | Age | Castle Age |
| 22:57 | Build | Siege Workshop |
| 22:58 | Create | Villager (Male) |
| 23:14 | Create | Villager (Male) |
| 23:17 | Build | Monastery |
| 23:45 | Build | House |
| 23:46 | Build | House |
| 23:47 | Build | House |
| 23:49 | Build | Palisade Wall |
| 23:50 | Build | Palisade Wall |
| 23:53 | Create | Villager (Male) |
| 23:54 | Build | House |
| 23:58 | Create | Villager (Male) |
| 23:58 | Create | Villager (Male) |
| 24:03 | Create | Villager (Male) |
| 24:12 | Create | Villager (Male) |
| 24:23 | Create | Villager (Male) |
| 24:24 | Create | Villager (Male) |
| 24:41 | Build | Palisade Gate |
| 24:47 | Create | Armored Elephant |
| 25:01 | Build | Farm |
| 25:11 | Create | Villager (Male) |
| 25:13 | Create | Monk |
| 25:13 | Create | Monk |
| 25:17 | Build | Monastery |
| 25:21 | Create | Villager (Male) |
| 25:39 | Create | Monk |
| 25:50 | Build | Monastery |
| 25:56 | Create | Villager (Male) |
| 26:08 | Research | Sanctity |
| 26:21 | Create | Villager (Male) |
| 26:36 | Create | Monk |
| 26:48 | Create | Monk |
| 26:51 | Create | Villager (Male) |
| 26:55 | Build | Farm |
| 27:08 | Create | Monk |
Match timeline
| 8:39 | JOJO ROAD ROLLER · age_up feudal |
| 8:52 | DGHIR | Black Monk · wall_segment Palisade Wall x9 |
| 9:05 | DGHIR | Black Monk · wall_segment Palisade Wall x2 |
| 9:05 | DGHIR | Black Monk · wall_segment Palisade Wall x1 |
| 9:21 | DGHIR | Black Monk · wall_segment Palisade Wall x2 |
| 9:24 | DGHIR | Black Monk · wall_segment Palisade Wall x1 |
| 9:25 | DGHIR | Black Monk · wall_segment Palisade Wall x1 |
| 9:26 | DGHIR | Black Monk · wall_segment Palisade Wall x1 |
| 9:29 | DGHIR | Black Monk · wall_segment Palisade Wall x1 |
| 9:43 | DGHIR | Black Monk · wall_segment Palisade Wall x1 |
| 9:59 | DGHIR | Black Monk · wall_segment Palisade Wall x4 |
| 10:12 | DGHIR | Black Monk · wall_segment Palisade Wall x6 |
| 10:49 | DGHIR | Black Monk · age_up feudal |
| 11:44 | DGHIR | Black Monk · wall_segment Palisade Wall x1 |
| 11:46 | DGHIR | Black Monk · wall_segment Palisade Wall x1 |
| 11:46 | JOJO ROAD ROLLER · wall_segment Palisade Wall x1 |
| 12:19 | DGHIR | Black Monk · first_market_sell 100 wood |
| 12:20 | DGHIR | Black Monk · first_market_buy 100 food |
| 14:02 | JOJO ROAD ROLLER · wall_segment Palisade Wall x1 |
| 14:05 | JOJO ROAD ROLLER · wall_segment Palisade Wall x1 |
| 14:48 | JOJO ROAD ROLLER · wall_segment Palisade Wall x1 |
| 14:50 | JOJO ROAD ROLLER · wall_segment Palisade Wall x1 |
| 14:51 | JOJO ROAD ROLLER · wall_segment Palisade Wall x1 |
| 15:09 | JOJO ROAD ROLLER · wall_segment Palisade Wall x1 |
| 15:10 | JOJO ROAD ROLLER · wall_segment Palisade Wall x1 |
| 15:11 | JOJO ROAD ROLLER · wall_segment Palisade Wall x1 |
| 15:12 | JOJO ROAD ROLLER · wall_segment Palisade Wall x1 |
| 15:14 | JOJO ROAD ROLLER · wall_segment Palisade Wall x1 |
| 15:16 | JOJO ROAD ROLLER · wall_segment Palisade Wall x1 |
| 15:17 | JOJO ROAD ROLLER · wall_segment Palisade Wall x1 |
| 15:19 | JOJO ROAD ROLLER · wall_segment Palisade Wall x1 |
| 15:21 | JOJO ROAD ROLLER · wall_segment Palisade Wall x1 |
| 16:26 | JOJO ROAD ROLLER · wall_segment Stone Wall x1 |
| 16:53 | JOJO ROAD ROLLER · wall_segment Palisade Wall x1 |
| 16:55 | JOJO ROAD ROLLER · wall_segment Palisade Wall x1 |
| 17:39 | DGHIR | Black Monk · wall_segment Palisade Wall x1 |
| 17:45 | JOJO ROAD ROLLER · wall_segment Palisade Wall x1 |
| 18:14 | JOJO ROAD ROLLER · wall_segment Palisade Wall x1 |
| 18:35 | JOJO ROAD ROLLER · wall_segment Palisade Wall x1 |
| 18:39 | JOJO ROAD ROLLER · wall_segment Palisade Wall x1 |
| 18:42 | JOJO ROAD ROLLER · wall_segment Palisade Wall x1 |
| 18:44 | JOJO ROAD ROLLER · wall_segment Palisade Wall x1 |
| 19:25 | JOJO ROAD ROLLER · wall_segment Palisade Wall x1 |
| 20:35 | JOJO ROAD ROLLER · first_market_sell 100 food |
| 21:03 | JOJO ROAD ROLLER · first_building Barracks |
| 21:58 | JOJO ROAD ROLLER · first_building Stable |
| 22:05 | JOJO ROAD ROLLER · wall_segment Palisade Wall x1 |
| 22:07 | JOJO ROAD ROLLER · wall_segment Palisade Wall x1 |
| 22:50 | DGHIR | Black Monk · wall_segment Palisade Wall x1 |
| 22:52 | JOJO ROAD ROLLER · wall_segment Palisade Wall x1 |
| 22:53 | DGHIR | Black Monk · age_up castle |
| 22:54 | JOJO ROAD ROLLER · wall_segment Palisade Wall x1 |
| 22:57 | DGHIR | Black Monk · first_building Siege Workshop |
| 23:16 | JOJO ROAD ROLLER · age_up castle |
| 23:17 | DGHIR | Black Monk · first_building Monastery |
| 23:49 | DGHIR | Black Monk · wall_segment Palisade Wall x1 |
| 23:50 | DGHIR | Black Monk · wall_segment Palisade Wall x1 |
| 23:59 | JOJO ROAD ROLLER · first_building Castle |
| 24:20 | JOJO ROAD ROLLER · first_building Monastery |
| 24:40 | JOJO ROAD ROLLER · wall_segment Palisade Wall x1 |
| 24:41 | JOJO ROAD ROLLER · wall_segment Palisade Wall x1 |
| 27:00 | JOJO ROAD ROLLER · first_market_buy 100 food |
| 28:02 | DGHIR | Black Monk · wall_segment Palisade Wall x4 |
| 28:03 | DGHIR | Black Monk · wall_segment Palisade Wall x3 |
| 28:56 | DGHIR | Black Monk · wall_segment Palisade Wall x2 |
| 28:57 | DGHIR | Black Monk · wall_segment Palisade Wall x4 |
| 31:46 | DGHIR | Black Monk · resign |
[ AI ANALYSIS · 1 CREDIT ]
What really happened in this match?
Wolo.gg analyzes every decision: build order, eco, micro, common mistakes by bracket. Personalized analysis on WhatsApp or Discord in 30 seconds.
Civ guide
Spanish
Perfil
JOJO ROAD ROLLER